 Dungeon Crawl Stone Soup version 0.29.0-4-gdea44cf6ec (webtiles) character file.

Game seed: 8804632834748396647

32 qw the Chopper (level 3, -2/31 HPs)
             Began as a Minotaur Berserker on Sept 6, 2022.
             Was a Follower of Trog.
             Slain by a gnoll
             ... wielding a +1 halberd of flaming
              (11 damage)
             ... on level 3 of the Dungeon.
             The game lasted 00:00:24 (1307 turns).

qw the Chopper (Minotaur Berserker)                 Turns: 1307, Time: 00:00:25

Health: -2/31      AC: 10    Str: 23    XL:     3   Next: 10%
Magic:  2/2        EV:  8    Int:  4    God:    Trog [*.....]
Gold:   99         SH:  0    Dex:  9    Spells: 2/2 levels left

rFire   . . .      SeeInvis .   Y - +0 hand axe
rCold   + . .      Faith    .   (no shield)
rNeg    . . .      Spirit   .   l - +0 chain mail
rPois   .          Reflect  .   g - +2 hat
rElec   .          Harm     .   (no cloak)
rCorr   .          Rampage  .   (no gloves)
Will    .....                   (no boots)
Stlth   ..........              (no amulet)
HPRegen 0.10/turn               (no ring)
MPRegen 0.08/turn               (no ring)

@: on berserk cooldown, slowed, very slow
A: horns 2, retaliatory headbutt, cold resistance 1, wild magic 1
a: Renounce Religion, Berserk


You were on level 3 of the Dungeon.
You worshipped Trog.
Trog was aware of your devotion.
You visited 1 branch of the dungeon, and saw 3 of its levels.

You collected 99 gold pieces.


Innate Abilities, Weirdness & Mutations

You have a pair of horns on your head.
You reflexively headbutt those who attack you in melee.
Your flesh is cold resistant. (rC+)
Your spells are a little harder to cast, but a little more powerful.


   Skills:
 - Level 3.6 Fighting
 + Level 5.2 Axes
 - Level 2.4 Armour
 - Level 2.1 Dodging


You had 2 spell levels left.
You didn't know any spells.
Your spell library was empty.

Inventory:

Hand Weapons
 f - a +0 club
 Y - a +0 hand axe (weapon)
Armour
 g - a +2 hat (worn)
 l - a +0 chain mail (worn)
Scrolls
 a - a scroll of teleportation
Potions
 c - a potion of curing {unknown}
 d - a potion of mutation
 k - a potion of might {unknown}

Dungeon Overview and Level Annotations

Branches:
Dungeon (2/15)

Altars:


Message History

1294 ||| Stepping ~*~*~tactically~*~*~ (hiding).
You start waiting.
A gnoll is nearby!
1298 ||| INVOKING Berserk.
A red film seems to cover your vision as you go berserk!
You feel yourself moving faster!
You feel mighty! The gnoll closely misses you.
You feel a strong urge to attack something.
You slash the gnoll! Your headbutt misses the gnoll.
The gnoll is severely wounded.
The gnoll hits you with a +0 halberd.
You slash the gnoll!
You kill the gnoll!
Trog accepts your kill.
Your Axes skill increases to level 5!
You have reached level 3!
Your experience leads to an increase in your attributes!
Increase (S)trength, (I)ntelligence, or (D)exterity?
You feel stronger. x2
You start resting.
You feel a strong urge to attack something.
A gnoll comes into view. It is wielding a +1 halberd of flaming.
A gnoll comes into view. It is wielding a +0 spear.
A rat comes into view.
The gnoll shouts! x2
The gnoll closely misses you.
Things that are here:
a +0 halberd; a gnoll corpse You feel your anger nearly subside.
You are no longer berserk.
You are exhausted.
You feel yourself slow down.
You hit the gnoll. You headbutt the gnoll!
The gnoll is severely wounded.
The gnoll hits you with a +0 spear! The gnoll barely misses you.
The gnoll hits you from afar with a +1 halberd of flaming.
The gnoll burns you. The gnoll closely misses you.
You completely miss the gnoll. Your headbutt misses the gnoll.
The gnoll is severely wounded.
The gnoll hits you with a +0 spear.
The gnoll hits you from afar with a +1 halberd of flaming!
You die...

#. #.# # ### #.. .#
#.. ..# .# #.# #:# ..
######.####.# .#
#.........#.###g.#..#
#.####.##...)@gr....#
#.# #.##...###......
#.# ##.##.>.# ....#
#.# #.......# ...#
#.###.###.### .##
#.........# ..
#.###.#.### # #.#
#.#.# #.# #.# #


You could see 2 gnolls and a rat.

Vanquished Creatures
  A gnoll (D:3)
  A dart slug (D:1)
  3 ball pythons
  2 endoplasms
  3 hobgoblins (D:1)
  2 quokkas (D:1)
  A bat (D:1)
  2 frilled lizards (D:1)
  3 goblins
  A kobold (D:1)
  2 rats (D:1)
21 creatures vanquished.

Notes
Turn   | Place    | Note
-------+----------+-------------------------------------------
     0 | D:1      | qw the Minotaur Berserker began the quest for the Orb.
     0 | D:1      | Reached XP level 1. HP: 19/19 MP: 0/0
     0 | D:1      | 0 ||| qw: Version: 0.1-a-107-g9ff403c
     0 | D:1      | 0 ||| qw: Game counter: 6075
     0 | D:1      | 0 ||| qw: Always use a shield: true
     0 | D:1      | 0 ||| qw: Do Orc after D:15 true
     0 | D:1      | 0 ||| qw: Do second Lair branch before Depths: true
     0 | D:1      | 0 ||| qw: Lair rune preference: random
     0 | D:1      | 0 ||| qw: Plans: Normal
     0 | D:1      | 0 ||| PLANNING D:1-11
   203 | D:1      | Reached skill level 4 in Axes
   210 | D:1      | 210 ||| Stepping ~*~*~tactically~*~*~ (stealth).
   212 | D:1      | 212 ||| Stepping ~*~*~tactically~*~*~ (hiding).
   219 | D:1      | Reached XP level 2. HP: 26/26 MP: 1/1
   904 | D:1      | 904 ||| UPGRADING to +2 hat.
   909 | D:1      | 909 ||| UPGRADING to +0 leather armour.
   919 | D:1      | 919 ||| DROPPING +0 animal skin.
   920 | D:1      | 920 ||| UPGRADING to +0 chain mail.
   930 | D:1      | 930 ||| DROPPING +0 leather armour.
   931 | D:1      | 931 ||| READING scroll labelled SUOCOU LENNI.
   932 | D:1      | 932 ||| READING scroll labelled VEMYSS ROETYSA.
   933 | D:1      | 933 ||| READING scroll labelled HUSOBB YNNYIPRE.
  1034 | D:1      | 1034 ||| READING scroll labelled GAXOV RUODON.
  1035 | D:1      | 1035 ||| DRINKING 3 fizzy pink potions.
  1035 | D:1      | Gained mutation: You are occasionally teleported next to
                  | monsters. [potion of mutation]
  1035 | D:1      | Gained mutation: You are robust. (+10% HP) [potion of
                  | mutation]
  1035 | D:1      | Gained mutation: Your flesh is cold resistant. (rC+)
                  | [potion of mutation]
  1035 | D:1      | Gained mutation: You are agile. (Dex +4, Str/Int -1)
                  | [potion of mutation]
  1050 | D:1      | 1050 ||| DRINKING 2 potions of mutation.
  1050 | D:1      | Lost mutation: You are agile. (Dex +4, Str/Int -1) [potion
                  | of mutation]
  1050 | D:1      | Lost mutation: You are robust. (+10% HP) [potion of
                  | mutation]
  1050 | D:1      | Lost mutation: You are occasionally teleported next to
                  | monsters. [potion of mutation]
  1050 | D:1      | Gained mutation: Your spells are a little harder to cast,
                  | but a little more powerful. [potion of mutation]
  1135 | D:2      | 1135 ||| FLEEEEING.
  1141 | D:2      | 1141 ||| STAIRDANCE
  1212 | D:1      | 1212 ||| READING scroll labelled FABOAG FAURUC.
  1231 | D:2      | 1231 ||| STAIRDANCE
  1274 | D:2      | You fall into a shaft and drop 1 floor!
  1294 | D:3      | 1294 ||| Stepping ~*~*~tactically~*~*~ (hiding).
  1298 | D:3      | 1298 ||| INVOKING Berserk.
  1302 | D:3      | Reached skill level 5 in Axes
  1302 | D:3      | Reached XP level 3. HP: 31/31 MP: 2/2
  1307 | D:3      | Slain by a gnoll

Levels and vault maps discovered:
D:1:      beargit_arrival_greenhouse, layout_loops_ring
D:2:      layout_rooms, shapermc_ecumenical_altar_notcrosses,
          dreamdust_wishing_well
D:3:      layout_loops_corners, serial_shops, shop

Skill      XL: |  1  2 |
---------------+-------+-----
Axes           | 4 5 |  5.2
Fighting       | |  3.6
Armour         | |  2.4
Dodging        | |  2.1

Action                   || total
-------------------------++-------
Melee: Hand axe          ||    46
       Headbutt          ||     6
Invok: Berserk           ||     1
  Use: Scroll            ||     5
       Potion            ||     2
Armor: Animal skin       ||     6
       Chain mail        ||     3
Dodge: Dodged            ||    26

Table legend:
 A = Non-vault XP
 B = Vault XP
 C = Vault XP percentage of total XP
 D = Non-vault monster count
 E = Vault monster count
 F = Vault count percentage of total count
                 A         B        C        D         E       F
            +---------+---------+-------+---------+---------+-------
      Total |      47 |       0 |   0.0 |      21 |       0 |   0.0
            +---------+---------+-------+---------+---------+-------
        D:1 |      28 |       0 |   0.0 |      17 |       0 |   0.0
        D:2 |       5 |       0 |   0.0 |       3 |       0 |   0.0
        D:3 |      14 |       0 |   0.0 |       1 |       0 |   0.0
            +---------+---------+-------+---------+---------+-------
